 Dungeon Crawl Stone Soup version 0.30-a0-475-g03497ec522 (webtiles) character file.

Game seed: 5603009338591805084

1036 PyroL the Grasshopper (level 8, -3/68 HPs)
             Began as a White Draconian Warper on Dec 21, 2022.
             Slain by a steam dragon (7 damage)
             ... on level 6 of the Dungeon.
             The game lasted 00:14:17 (6690 turns).

PyroL the Grasshopper (White Draconian Warper)      Turns: 6690, Time: 00:14:17

Health: -3/68      AC:  7    Str: 14    XL:     8   Next: 4%
Magic:  13/14      EV: 12    Int: 15    God:
Gold:   231        SH:  0    Dex: 11    Spells: 6/15 levels left

rFire   . . .      SeeInvis .    g - +0 scythe
rCold   + . .      Faith    .    (shield currently unavailable)
rNeg    . . .      Spirit   .    (body armour unavailable)
rPois   .          Reflect  .    p - +0 hat
rElec   .          Harm     .    (no cloak)
rCorr   .          Rampage  .    (no gloves)
Will    .....                    v - +0 pair of boots
Stlth   +.........               u - amulet of magic regeneration
HPRegen 0.31/turn                (no ring)
MPRegen 0.54/turn                (no ring)

@: on blink cooldown
A: breathe frost, AC +6, unfitting armour, cold resistance 1, cold-blooded
a: Breathe Frost


You were on level 6 of the Dungeon.
You visited 1 branch of the dungeon, and saw 6 of its levels.

You collected 231 gold pieces.

Inventory:

Hand Weapons
 g - a +0 scythe (weapon)
 z - a +1 flail of holy wrath
Missiles
 c - 7 boomerangs of dispersal (quivered)
 j - 3 boomerangs
Armour
 i - a +0 robe
 p - a +0 hat (worn)
 v - a +0 pair of boots (worn)
 w - a +0 buckler
Jewellery
 u - an amulet of magic regeneration (around neck)
Wands
 C - a wand of flame (50)
 E - a wand of roots (10)
Scrolls
 a - 2 scrolls of fog
 b - 2 scrolls of blinking
 d - a scroll of enchant weapon {unknown}
 f - a scroll of poison
 k - 3 scrolls of identify
 m - a scroll of butterflies {unknown}
 n - 4 scrolls of fear {unknown}
 o - 4 scrolls of teleportation {unknown}
 q - 2 scrolls of brand weapon {unknown}
 s - 3 scrolls of amnesia {unknown}
 x - a scroll of immolation {unknown}
 y - 5 scrolls of magic mapping {unknown}
Potions
 e - 2 potions of magic {unknown}
 h - 4 potions of curing
 l - 2 potions of might
 r - 3 potions of lignification
 t - a potion of cancellation {unknown}
 A - a potion of haste {unknown}
 B - a potion of brilliance
 D - a potion of flight {unknown}
 F - a potion of resistance {unknown}


   Skills:
 - Level 5.0 Fighting
 - Level 2.0 Maces & Flails
 - Level 0.8 Throwing
 - Level 2.1 Dodging
 - Level 4.0 Spellcasting
 + Level 7.3 Translocations
 - Level 3.0 Air Magic


You had 6 spell levels left.
You knew the following spells:

 Your Spells              Type           Power      Damage    Failure   Level
a - Blink                 Tloc           50%        N/A       1%          2
b - Vhi's Electric Charg  Tloc/Air       36%        N/A       6%          3
c - Manifold Assault      Tloc           25%        N/A       9%          4

Your spell library contained the following spells:

 Spells                   Type           Power      Damage    Failure   Level
 Lesser Beckoning         Tloc           50%        N/A       2%          3
 Teleport Other           Tloc           25%        N/A       2%          3
 Momentum Strike          Conj/Tloc      28%        3d8       6%          2
 Kiss of Death            Conj/Necr      12%        2d6       19%         1
 Confusing Touch          Hex            3%         N/A       47%         3
 Dispel Undead            Necr           3%         3d7       87%         4


Dungeon Overview and Level Annotations

Branches:
Dungeon (6/15)
 Temple: D:4-7

Altars:
Dithmenos
Kikubaaqudgha
Makhleb
Trog
Wu Jian
Xom

Shops:
D:1 *[[

Annotations:
D:4 Dowan, Duvessa


Innate Abilities, Weirdness & Mutations

You can breathe waves of freezing cold which knock back foes.
Your icy white scales are hard. (AC +6)
You cannot fit into any form of body armour.
Your flesh is cold resistant. (rC+)
You are cold-blooded and may be slowed by cold attacks.


Message History

* * * LOW HITPOINT WARNING * * *
The steam dragon misses you.
Casting: Vhi's Electric Charge (dangerous; 6% risk of failure)
Confirm with . or Enter, or press ? or * to list all spells.
You blink.
The sky beast flickers out of sight!
Deactivating autopickup; reactivate with Ctrl-A.
The steam dragon breathes steam at you. The ball of steam hits you!!
* * * LOW HITPOINT WARNING * * *
As you read the scroll labelled ITOYSAXZYISH, it crumbles to dust.
The scroll dissolves into smoke.
It was a scroll of fog.
You have got your breath back.
Aiming: Breathe Frost (4% risk of failure)
Press: ? - help, Shift-Dir - straight line
Okay, then.
You barely miss something.
Your tail-slap misses something.
You feel stable enough to blink again. Something hits you.
* * * LOW HITPOINT WARNING * * *
Something shocks you.
* * * LOW HITPOINT WARNING * * *
Unknown command.
It was a potion of curing.
You feel better. Something hits you but does no damage.
A shadow imp comes into view.
Okay, then.
Casting: Blink (safe; 1% risk of failure)
Confirm with . or Enter, or press ? or * to list all spells.
You blink.
The shadow imp gestures at you. Pain shoots through your body!
* * * LOW HITPOINT WARNING * * *
The steam dragon closely misses you.
The steam dragon claws you but does no damage.
Something hits you but does no damage.
As you read the scroll labelled RYMERU XOCZIGO, it crumbles to dust.
It is a scroll of identify.
r - 3 potions of lignification The steam dragon bites you!
You die...

#########.####
#............#
#.#######.#.##
#.#######.#.#
#.........#.#
###########.##
...†......§.§#
#.#.###†#######
.....§5@#
#^####{D# #.§#
#§§# #§§# ^..#
#..# #.## #.#


You could see a steam dragon and a shadow imp.

Vanquished Creatures
  Sigmund (D:2)
  An ice beast (D:4)
  A black bear (D:5)
  A phantom (D:5)
  A necrophage (D:4)
  3 vampire bats (D:5)
  A howler monkey (D:6)
  A jelly (D:5)
  A hound (D:4)
  3 orc priests (D:5)
  Jessica (D:2)
  Terence (D:2)
  An iguana (D:3)
  8 adders
  A white imp (D:5)
  A dart slug (D:4)
  7 orcs (D:5)
  3 bat skeletons (D:5)
  3 bat zombies (D:5)
  10 endoplasms
  3 giant cockroaches
  5 goblins
  6 hobgoblins
  3 jackals (D:2)
  8 quokkas
  9 ball pythons
  7 bats
  4 frilled lizards
  8 kobolds
  3 rats (D:1)
106 creatures vanquished.

Vanquished Creatures (others)
  A wizard (D:5)
  2 adders (D:3)
3 creatures vanquished.

Grand Total: 109 creatures vanquished

Notes
Turn   | Place    | Note
-------+----------+-------------------------------------------
     0 | D:1      | PyroL the Draconian Warper began the quest for the Orb.
     0 | D:1      | Reached XP level 1. HP: 17/17 MP: 3/3
    69 | D:1      | Found Erchiu's Antique Armour Shop.
   198 | D:1      | Reached XP level 2. HP: 10/26 MP: 5/5
   377 | D:1      | Found Ehecy's Armour Shop.
   446 | D:1      | Found Yrchucupt's General Store.
   943 | D:1      | Reached XP level 3. HP: 23/33 MP: 6/6
  1416 | D:2      | Noticed Jessica
  1429 | D:2      | Killed Jessica
  1511 | D:2      | Noticed Terence
  1556 | D:1      | Learned a level 2 spell: Blink
  1590 | D:2      | Reached XP level 4. HP: 34/41 MP: 7/7
  1654 | D:2      | Killed Terence
  1655 | D:2      | Reached skill level 5 in Fighting
  1963 | D:2      | Noticed Sigmund
  1989 | D:2      | Killed Sigmund
  1990 | D:2      | Reached skill level 5 in Translocations
  1990 | D:2      | Reached XP level 5. HP: 23/48 MP: 8/8
  2293 | D:3      | Reached XP level 6. HP: 34/56 MP: 9/9
  3004 | D:3      | Found a shimmering altar of Xom.
  3235 | D:4      | Noticed Duvessa
  3489 | D:4      | Reached skill level 6 in Translocations
  3629 | D:4      | Found a shadowy altar of Dithmenos.
  3708 | D:4      | Noticed Dowan
  3940 | D:3      | Learned a level 3 spell: Vhi's Electric Charge
  4293 | D:4      | Noticed an ice beast
  4297 | D:4      | Killed an ice beast
  4432 | D:4      | You fall into a shaft and drop 1 floor!
  4432 | D:5      | Entered Level 5 of the Dungeon
  4635 | D:5      | Your scales start taking on an icy white colour.
  4635 | D:5      | Reached XP level 7. HP: 27/61 MP: 10/10
  4635 | D:5      | Gained mutation: Your flesh is cold resistant. (rC+) [White
                  | Draconian growth]
  4771 | D:5      | Found an ornate altar of the Wu Jian Council.
  4968 | D:4      | Found a burning altar of Makhleb.
  5986 | D:5      | Found a bloodstained altar of Trog.
  5989 | D:5      | Noticed a wizard
  5994 | D:5      | Killed a wizard
  6280 | D:5      | Found an ancient bone altar of Kikubaaqudgha.
  6300 | D:5      | Reached skill level 7 in Translocations
  6600 | D:5      | Learned a level 4 spell: Manifold Assault
  6674 | D:6      | Noticed a steam dragon
  6678 | D:6      | Reached XP level 8. HP: 65/68 MP: 14/14
  6687 | D:6      | HP: 3/68 [something (6)]
  6690 | D:6      | Slain by a steam dragon

Illustrated notes

Levels and vault maps discovered:
D:1:      evilmike_arrival_plus, layout_basic, serial_shops, shop, shop,
          shop_fountains, roderic_lattice_a, st_stairs_12, serial_bayou_pond_d
D:2:      layout_basic, hex_medium, serial_park_tiny_pond, uniq_jessica,
          uniq_sigmund, uniq_terence
D:3:      layout_basic, xom_confusion_cloud, nrook_loot_triangle
D:4:      layout_basic, grunt_dithmenos_smoke_and_mirrors,
          mainiacjoe_overflow_catwalk, corexii_mini_fake_secret_closet,
          uniq_duvessa
D:5:      layout_loops_ring, trog_wizard, nzn_wu_jian_council_hall,
          kennysheep_vampire_church, minmay_misc_feat_five
D:6:      layout_basic, lemuel_tele_altar, minmay_temple_entry_ruins,
          gammafunk_ghost_necromancy, hangedman_decor_push

Skill      XL: |  1  2  3  4  5  6  7 |
---------------+----------------------+-----
Fighting       | 3 4 5 |  5.0
Translocations | 5 6 7 |  7.3
Air Magic      | 3 |  3.0
Spellcasting   | 4 |  4.0
Maces & Flails | |  2.0
Throwing       | |  0.8
Dodging        | |  2.1

Action                   |  1- 3 |  4- 6 |  7- 9 || total
-------------------------+-------+-------+-------++-------
Melee: Mace              |   110 |    32 |       ||   142
       Tailslap          |     8 |    23 |    15 ||    46
       Punch             |     1 |       |       ||     1
       Whip              |       |    29 |       ||    29
       Halberd           |       |   177 |   107 ||   284
       Flail             |       |    11 |     1 ||    12
 Cast: Vhi's Electric Ch |       |     6 |     9 ||    15
       Blink             |       |     5 |     9 ||    14
 Abil: Breathe Frost     |       |       |     4 ||     4
  Use: Scroll            |     1 |       |     2 ||     3
       Potion            |       |     2 |     1 ||     3
 Stab: Sleeping          |     2 |     1 |       ||     3
       Confused          |       |     1 |       ||     1
Armor: Skin              |    54 |   109 |    94 ||   257
Dodge: Dodged            |    90 |   197 |   109 ||   396

Table legend: (Time is in decaauts)
 A = Elapsed time spent in this place.
 B = Non-inter-level travel time spent in this place.
 C = Inter-level travel time spent in this place.
 D = Time resting spent in this place.
 E = Time spent auto-exploring this place.
 F = Levels seen in this place.
 G = Mean time per level.
                   A        B        C        D        E       F      G
               +--------+--------+--------+--------+--------+-----+--------+
         Total |   6890 |   6515 |    375 |   1661 |   3432 |   6 | 1148.3 |
       Dungeon |   6890 |   6515 |    375 |   1661 |   3432 |   6 | 1148.3 |
               +--------+--------+--------+--------+--------+-----+--------+

Top non-repeatable levels by time:
     D:3: 1623 daAuts
     D:4: 1554 daAuts
     D:5: 1302 daAuts
     D:1: 1178 daAuts
     D:2: 1137 daAuts
     D:6: 94 daAuts
